 Dungeon Crawl Stone Soup version 0.28.0-47-ge53b351184 (console) character file.

Game seed: 11002195095593874731

123 Faeu the Covered (level 4, -3/41 HPs)
             Began as a Minotaur Fighter on May 2, 2022.
             Slain by a hornet zombie (4 damage)
             ... on level 6 of the Dungeon.
             The game lasted 00:01:35 (1649 turns).

Faeu the Covered (Minotaur Fighter)                 Turns: 1649, Time: 00:01:35

Health: -3/41      AC:  7    Str: 23    XL:     4   Next: 80%
Magic:  3/3        EV:  9    Int:  5    God:
Gold:   69         SH:  4    Dex:  9    Spells: 3/3 levels left

rFire   . . .      SeeInvis .   a - +0 war axe {axe}
rCold   . . .      Faith    .   c - +0 buckler
rNeg    . . .      Spirit   .   b - +0 scale mail
rPois   .          Reflect  .   (helmet restricted)
rElec   .          Harm     .   (no cloak)
rCorr   .          Rampage  .   (no gloves)
Will    .....                   (no boots)
Stlth   ..........              (no amulet)
HPRegen 0.13/turn               (no ring)
MPRegen 0.08/turn               (no ring)

@: no status effects
A: horns 2, retaliatory headbutt
a: no special abilities


You were on level 6 of the Dungeon.
You visited 1 branch of the dungeon, and saw 4 of its levels.

You collected 69 gold pieces.


Innate Abilities, Weirdness & Mutations

You have a pair of horns on your head.
You reflexively headbutt those who attack you in melee.


   Skills:
 + Level 4.6 Fighting
 + Level 3.7 Axes
 + Level 4.6 Armour
 + Level 4.5 Shields


You had 3 spell levels left.
You didn't know any spells.
Your spell library was empty.

Inventory:

Hand Weapons
 a - a +0 war axe (weapon) {axe}
 i - the +6 hunting sling "Upluroh" {freeze, Will+, sling}
   (You found it on level 2 of the Dungeon)

   Any ammunition fired from it freezes those it strikes, dealing additional
   cold damage.
   It can also slow down cold-blooded creatures.
   Will:      It increases your willpower.
Armour
 b - a +0 scale mail (worn)
 c - a +0 buckler (worn)
Scrolls
 e - a scroll of immolation {unknown}
 g - 2 scrolls of fog {unknown}
 h - a scroll of brand weapon {unknown}
 k - a scroll of blinking {unknown}
Potions
 d - a potion of might
 f - a potion of berserk rage {unknown}
 j - a potion of heal wounds {unknown}

Dungeon Overview and Level Annotations

Branches:
Dungeon (3/15)             Temple (0/1) D:6

Altars:

Shops:
D:1

* # ......[...
.#..⌠...⌠..
.#......... #
.....>....
#.#.........
#.#..⌠...⌠..
#...Z.......
#.@.......#..
##.##.##.##... ##.#
.... #..## #....#
#...# #....####
##..# #........
#..# #........ #..#
#........ ##.#
#........
###.#######........
#..................


You could see a hornet zombie.


Message History

A rat comes into view. 😕 HP[+15]
You regained 15 hp, and now have 34/41 hp.
The rat bites you but does no damage.
You slash the rat!
You kill the rat!
You see here a rat corpse. 😕 HP[+1]
You see here an adder corpse.
Items here: ( )) †. 😎 HP[+6] No target in view!
You now have 69 gold pieces (gained 11).
A goblin comes into view. It is wielding a +0 dagger.
The goblin shouts!
A kobold comes into view. It is wielding a +0 short sword.
The kobold shouts!
There are monsters nearby!
A worm comes into view.
There are monsters nearby!
The goblin barely misses you.
A bat comes into view.
There are monsters nearby!
You miss the goblin. You headbutt the goblin.
You kill the goblin!
There are monsters nearby!
You closely miss the kobold. Your headbutt misses the kobold.
The kobold hits you with a +0 short sword.
The bat barely misses you. 😕 HP[-1]
You take 1 damage, and now have 40/41 hp.
An endoplasm comes into view.
The endoplasm quivers.
The bat barely misses you. The bat hits you but does no damage.
Found a faded altar of an unknown god.
You block the bat's attack. The bat hits you but does no damage.
A sourceless malevolence fills the Dungeon...
You fall into a shaft and drop 3 floors!
The shaft crumbles and collapses. 😎 HP[+1]
j - a fuming brown potion
k - a scroll labelled IXIYZO TOADGHEY A hound comes into view.
The hound barks!
The hound barely misses you. The hound bites you. 😕 HP[-4]
You take 4 damage, and now have 37/41 hp.
You completely miss the hound. The hound bites you.
The hound closely misses you. 😕 HP[-4]
You take 4 damage, and now have 33/41 hp.
You slash the hound! The hound bites you. x2 😮 HP[-3]
You take 3 damage, and now have 30/41 hp.
You slash the hound!
You kill the hound!
You see here a hound corpse. 😕 HP[+1] HP restored.
Found a staircase to the Ecumenical Temple. 😎 HP[+10]
A hornet zombie comes into view.
The hornet zombie hits you but does no damage.
You barely miss the hornet zombie. The hornet zombie hits you. 😕 HP[-1]
You take 1 damage, and now have 40/41 hp.
You hit the hornet zombie. You headbutt the hornet zombie.
The hornet zombie hits you! The hornet zombie barely misses you.
You furiously retaliate!
You headbutt the hornet zombie. 😮 HP[-10]
You take 10 damage, and now have 30/41 hp.
MASSIVE DAMAGE!! (PAUSE)
You slash the hornet zombie! You block the hornet zombie's attack.
The hornet zombie hits you but does no damage.
You barely miss the hornet zombie. The hornet zombie hits you!
The hornet zombie hits you but does no damage. 😮 HP[-7]
You take 7 damage, and now have 23/41 hp.
You hit the hornet zombie. The hornet zombie hits you. 😮 HP[-1]
You take 1 damage, and now have 22/41 hp.
You closely miss the hornet zombie. You block the hornet zombie's attack.
The hornet zombie hits you!
* * * LOW HITPOINT WARNING * * *
😨 HP[-8]
You take 8 damage, and now have 14/41 hp.
You hit the hornet zombie. The hornet zombie closely misses you.
You furiously retaliate!
You headbutt the hornet zombie. You block the hornet zombie's attack.
You closely miss the hornet zombie.
You headbutt the hornet zombie, but do no damage.
The hornet zombie hits you!
* * * LOW HITPOINT WARNING * * *
😱 HP[-7]
You take 7 damage, and now have 7/41 hp.
You hit the hornet zombie. The hornet zombie hits you.
* * * LOW HITPOINT WARNING * * *
The hornet zombie hits you.
You die...

Skill      XL: |  1  2 |
---------------+-------+-----
Fighting       | 4 |  4.6
Axes           | 3 |  3.7
Armour         | 4 |  4.6
Shields        | 4 |  4.5

Action                   |  1- 3 |  4- 6 || total
-------------------------+-------+-------++-------
Melee: War axe           |    47 |    34 ||    81
       Headbutt          |     7 |     4 ||    11
Armor: Scale mail        |    29 |    15 ||    44
Dodge: Dodged            |    18 |    21 ||    39
Block: Buckler           |    11 |    11 ||    22

Levels and vault maps discovered:
D:1:      sevenhm_arrival_forest_fort_small_4, layout_loops_cross, serial_shops,
          nicolae_shop_window_shopping
D:2:      layout_basic, serial_glass, glass_columns_a, glass_columns_a,
          glass_columns_a, glass_columns_b
D:3:      layout_basic, hellmonk_ecumenical_altar_watching_god,
          hangedman_decor_points
D:6:      layout_cave_pods, tgw_kikubaaqudgha, mainiacjoe_overflow_alcove_3,
          minmay_temple_entry_large_hall

Notes
Turn   | Place    | Note
-------+----------+-------------------------------------------
     0 | D:1      | Faeu the Minotaur Fighter began the quest for the Orb.
     0 | D:1      | Reached XP level 1. HP: 19/19 MP: 0/0
     0 | D:1      | magus.rc [v1.9.6]
   120 | D:1      | Found Ryuply's General Store.
   341 | D:1      | Reached XP level 2. HP: 27/27 MP: 1/1
   663 | D:2      | Reached skill level 4 in Fighting
   663 | D:2      | Reached skill level 3 in Axes
   663 | D:2      | Reached skill level 4 in Armour
   663 | D:2      | Reached skill level 4 in Shields
   663 | D:2      | Reached XP level 3. HP: 33/33 MP: 2/2
   890 | D:2      | Reached XP level 4. HP: 41/41 MP: 3/3
   923 | D:2      | Identified the +6 hunting sling "Upluroh" {freeze, Will+}
  1478 | D:3      | Found a faded altar of an unknown god.
  1479 | D:3      | You fall into a shaft and drop 3 floors!
  1637 | D:6      | Found a staircase to the Ecumenical Temple.
  1648 | D:6      | HP: 7/41 [hornet zombie (7)]
  1649 | D:6      | HP: 1/41 [hornet zombie (6)]
  1649 | D:6      | Slain by a hornet zombie

Vanquished Creatures
  A hound (D:6)
  6 adders
  2 dart slugs (D:2)
  A worm (D:2)
  An orc (D:3)
  2 ball pythons
  4 bats
  6 endoplasms
  4 goblins
  2 hobgoblins (D:1)
  2 kobolds
  3 rats
34 creatures vanquished.

Table legend:
 A = Non-vault XP
 B = Vault XP
 C = Vault XP percentage of total XP
 D = Non-vault monster count
 E = Vault monster count
 F = Vault count percentage of total count
                 A         B        C        D         E       F
            +---------+---------+-------+---------+---------+-------
      Total |     177 |       0 |   0.0 |      34 |       0 |   0.0
            +---------+---------+-------+---------+---------+-------
        D:1 |      17 |       0 |   0.0 |       9 |       0 |   0.0
        D:2 |      91 |       0 |   0.0 |      15 |       0 |   0.0
        D:3 |      26 |       0 |   0.0 |       9 |       0 |   0.0
        D:6 |      43 |       0 |   0.0 |       1 |       0 |   0.0
            +---------+---------+-------+---------+---------+-------

Illustrated notes

Table legend:
 A = Kills in this place as a percentage of kills in entire the game.
 B = Kills by you in this place as a percentage of kills by you in the entire game.
 C = Kills by friends in this place as a percentage of kills by friends in the entire game.
 D = Other kills in this place as a percentage of other kills in the entire game.
 E = Experience gained in this place as a percentage of experience gained in the entire game.
 F = Experience gained in this place divided by the number of levels of this place that you have seen.
                   A       B       C       D       E      F
               +-------+-------+-------+-------+-------+----------------------
         Total | 100.0 | 100.0 |   N/A |   N/A | 100.0 |  44.2
       Dungeon | 100.0 | 100.0 |   N/A |   N/A | 100.0 |  44.2
               +-------+-------+-------+-------+-------+----------------------

Table legend: (Time is in decaauts)
 A = Elapsed time spent in this place.
 B = Non-inter-level travel time spent in this place.
 C = Inter-level travel time spent in this place.
 D = Time resting spent in this place.
 E = Time spent auto-exploring this place.
 F = Levels seen in this place.
 G = Mean time per level.
                   A        B        C        D        E       F      G
               +--------+--------+--------+--------+--------+-----+--------+
         Total |   1678 |   1645 |     33 |      0 |   1371 |   4 |  419.5 |
       Dungeon |   1678 |   1645 |     33 |      0 |   1371 |   4 |  419.5 |
               +--------+--------+--------+--------+--------+-----+--------+

Top non-repeatable levels by time:
     D:1: 631 daAuts
     D:2: 549 daAuts
     D:3: 323 daAuts
     D:6: 173 daAuts
